 Dungeon Crawl Stone Soup version 0.27-a0-1188-g73eefd5def (webtiles) character file.

Game seed: 3578817108090815090

25 Delamore the Shield-Bearer (level 3, -8/24 HPs)
             Began as a Gargoyle Fighter on May 22, 2021.
             Mangled by Crazy Yiuf
             ... wielding a +2 quarterstaff of chaos
              (10 damage)
             ... on level 2 of the Dungeon.
             The game lasted 00:02:57 (1128 turns).

Delamore the Shield-Bearer (Gargoyle Fighter)       Turns: 1128, Time: 00:02:58

Health: -8/24      AC: 10    Str: 20    XL:     3   Next: 4%
Magic:  0/3        EV:  9    Int:  8    God:
Gold:   39         SH:  4    Dex:  9    Spells: 2/2 levels left

rFire    . . .     SeeInvis .   a - +0 flail
rCold    + . .     Faith    .   p - +0 buckler
rNeg     + . .     Spirit   .   b - +0 scale mail
rPois    ∞         Reflect  .   (no helmet)
rElec    +         Harm     .   (no cloak)
rCorr    .         Rampage  .   (no gloves)
Will     .....                  (no boots)
Stlth    ..........             (no amulet)
HPRegen  0.08/turn              h - ring of protection from cold
MPRegen  0.08/turn              (no ring)

@: attractive
A: sickness immunity, AC +3, negative energy resistance 1, electricity
resistance, torment resistance 1, petrification resistance
a: no special abilities


You were on level 2 of the Dungeon.
You visited 1 branch of the dungeon, and saw 2 of its levels.

You collected 39 gold pieces.

Inventory:

Hand Weapons
 a - a +0 flail (weapon)
Missiles
 j - 14 poisoned darts (quivered)
Armour
 b - a +0 scale mail (worn)
 c - a +0 kite shield
 p - a +0 buckler (worn)
Jewellery
 h - a ring of protection from cold (left hand)
 n - a ring of wizardry
Scrolls
 l - 2 scrolls of identify {unknown}
 o - a scroll of fear {unknown}
 q - a scroll of noise {unknown}
Potions
 d - a potion of might
 e - a potion of ambrosia {unknown}
 f - a potion of degeneration {unknown}
 g - a potion of mutation {unknown}
 i - a potion of haste {unknown}
 k - 2 potions of attraction
 m - a potion of curing {unknown}


   Skills:
 + Level 3.7 Fighting
 + Level 2.5 Maces & Flails
 - Level 3.2 Armour
 + Level 3.7 Shields


You had 2 spell levels left.
You didn't know any spells.
Your spell library contained the following spells:

 Spells                   Type           Power      Damage    Failure   Level
 Beastly Appendage        Tmut           0%         N/A       77%         1
 Wereblood                Tmut           0%         N/A       88%         2
 Confusing Touch          Hex            0%         N/A       98%         3
 Gell's Gravitas          Tloc           0%         N/A       98%         3
 Spider Form              Tmut/Pois      0%         N/A       98%         3
 Ice Form                 Ice/Tmut       0%         N/A       100%        4
 Petrify                  Tmut/Erth      0%         N/A       100%        4
 Hydra Form               Tmut           0%         N/A       100%        5
 Metabolic Englaciation   Hex/Ice        0%         N/A       100%        5
 Yara's Violent Unravell  Hex/Tmut       0%         3d3       100%        5


Dungeon Overview and Level Annotations

Branches:
Dungeon (2/15)

Altars:

Annotations:
D:2 Crazy Yiuf


Innate Abilities, Weirdness & Mutations

You are immune to sickness and miasma.
Your stone body is resilient. (AC +3)
You are immune to poison.
You resist negative energy. (rN+)
You are resistant to electric shocks. (rElec)
You are resistant to unholy torment.
You are immune to petrification.


Message History

You feel stronger.
A bat comes into view.
The bat hits you but does no damage.
A bat is nearby!
You sock the bat!
You kill the bat!
You see here a book of Misfortune.
Press: ? - help, v - describe, . - travel, g - get item Item here: a book of Misfortune.
The floor.
Press: ? - help, v - describe, . - travel, g - get item Item here: a book of Misfortune.
The floor.
You see here a bat corpse.
q - a scroll labelled HAUCZE FOCRIUH
Found three maces.
Found a runed translucent door.
Crazy Yiuf shouts!
Crazy Yiuf twirls on the spot.
Found a mace.
You see here a +0 mace.
No reachable target in view!
You open the door. You hit Crazy Yiuf but do no damage.
Crazy Yiuf barely misses you.
You closely miss Crazy Yiuf. Crazy Yiuf hits you but does no damage.
You sock Crazy Yiuf!
Crazy Yiuf is moderately wounded.
Crazy Yiuf hits you with a +2 quarterstaff of chaos.
Space warps horribly around you!
Ouch! That really hurt!
You barely miss Crazy Yiuf.
Crazy Yiuf is moderately wounded.
Crazy Yiuf closely misses you.
Crazy Yiuf hits you with a +2 quarterstaff of chaos!
* * * LOW HITPOINT WARNING * * *
You feel your power leaking away.
Okay, then.
It was a potion of attraction.
You feel attractive to monsters.
Crazy Yiuf hits you with a +2 quarterstaff of chaos!
You die...

#### ###### ### .... ##..#.##
###.))# #####
#......####@g...# .....
#.......#..##)..# ####
##.#.#..#.### ### #..########
# #.## ## #.# ##############
#.#####.
#.####............####.......
#......###.............#####.
#.###### #.##.###.####.# #.


You could see Crazy Yiuf.

Vanquished Creatures
  A bat (D:2)
  4 giant cockroaches
  4 goblins
  A hobgoblin (D:1)
  3 quokkas (D:1)
  4 ball pythons
  2 frilled lizards (D:1)
  A kobold (D:1)
  2 rats (D:1)
22 creatures vanquished.

Notes
Turn   | Place    | Note
-------+----------+-------------------------------------------
     0 | D:1      | Delamore the Gargoyle Fighter began the quest for the Orb.
     0 | D:1      | Reached XP level 1. HP: 14/14 MP: 1/1
   257 | D:1      | Reached XP level 2. HP: 19/19 MP: 2/2
   789 | D:2      | Found a faded altar of an unknown god.
  1018 | D:2      | Reached XP level 3. HP: 24/24 MP: 3/3
  1119 | D:2      | Found a runed translucent door.
  1120 | D:2      | Noticed Crazy Yiuf
  1128 | D:2      | Mangled by Crazy Yiuf

Illustrated notes

Levels and vault maps discovered:
D:1:      lightli_arrival_noodles, layout_rooms, chequers_mini_garden
D:2:      layout_loops_ring, chequers_ecumenical_altar_twisty,
          solitary_fountain, corner_web_ring, uniq_crazy_yiuf_cottage

Action                   || total
-------------------------++-------
Melee: Flail             ||    62
  Use: Potion            ||     1
Armor: Scale mail        ||    31
Dodge: Dodged            ||    27
Block: Kite shield       ||    27

Table legend: (Time is in decaauts)
 A = Elapsed time spent in this place.
 B = Non-inter-level travel time spent in this place.
 C = Inter-level travel time spent in this place.
 D = Time resting spent in this place.
 E = Time spent auto-exploring this place.
 F = Levels seen in this place.
 G = Mean time per level.
                   A        B        C        D        E       F      G
               +--------+--------+--------+--------+--------+-----+--------+
         Total |   1156 |   1125 |     31 |      0 |    957 |   2 |  578.0 |
       Dungeon |   1156 |   1125 |     31 |      0 |    957 |   2 |  578.0 |
               +--------+--------+--------+--------+--------+-----+--------+

Top non-repeatable levels by time:
     D:1: 692 daAuts
     D:2: 464 daAuts
